AoeStats
← EsquedaKING

Black Forest

508352297Analyzed
3v3 RM · 10d ago on Sep 22, 2026· 44m 14s· 6 players
Game mode
Random Map
Map size
Normal (6 player)
Population
200
Speed
Normal
Resources
Standard
Victory
Conquest
Starting age
Dark Age
Ending age
Imperial Age
RankedLock teamsTeams togetherTeam positionsShared explorationLock speedFull tech treeHidden civsTurbo modeCheats
Victory
Defeat
🇲🇽 Bohemians · Mexico
1041
+16
🇺🇸 Persians · United States
1024
+17
🇲🇽 Burgundians · Mexico
1021
+17
🇺🇸 Sicilians · United States
1116
-19
🇺🇸 Celts · United States
1034
-16
🇨🇴 Inca · Colombia
1002
-15
hotzmann
0:42 Loom
14:31 Feudal Age
15:22 Double-Bit Axe
18:48 Castle Age
18:54 Scale Barding Armor
20:17 Wheelbarrow
19:27 Fishing Lines
19:50 Gold Mining
20:09 Town Watch
21:10 Gold Shaft Mining
20:28 Horse Collar
21:09 Heavy Plow
24:07 Forging
26:20 Chain Barding Armor
27:06 Bow Saw
28:01 Husbandry
28:36 Hand Cart
28:48 Bloodlines
29:59 Iron Casting
36:21 Imperial Age
33:46 Stone Mining
34:34 Gold Shaft Mining
37:57 Plate Barding Armor
38:23 Blast Furnace
38:43 Chemistry
37:58 Guilds
38:09 Cavalier
40:42 Onager
43:01 Savar
Mike Partlow
1:10 Loom
12:31 Feudal Age
17:47 Castle Age
EsquedaKING
15:48 Feudal Age
19:53 Castle Age
18:34 Double-Bit Axe
20:21 Forging
20:16 Scale Barding Armor
20:01 Cavalier
20:43 Husbandry
33:29 Horse Collar
36:31 Gold Mining
43:12 Imperial Age
43:46 Gold Shaft Mining
43:24 Burgundian Vineyards
Mpower
1:05 Loom
13:10 Feudal Age
18:31 Castle Age
16:35 Town Watch
16:49 Horse Collar
17:06 Double-Bit Axe
18:41 Wheelbarrow
18:35 Forging
22:05 Bow Saw
24:17 Pikeman
Lama_drama
0:45 Loom
14:02 Feudal Age
15:11 Double-Bit Axe
20:10 Castle Age
17:37 Man-at-Arms
18:31 Forging
19:08 Scale Mail Armor
21:16 Gold Mining
22:05 Long Swordsman
25:15 Pikeman
31:34 Horse Collar
35:22 Wheelbarrow
43:59 Imperial Age
42:37 Bow Saw
43:11 Iron Casting
42:52 Chain Mail Armor
44:07 Hand Cart
44:07 Gambesons
44:23 Squires
kavobi
0:45 Loom
15:38 Feudal Age
21:18 Castle Age
19:09 Double-Bit Axe
19:07 Horse Collar
30:29 Forging
30:19 Scale Mail Armor
31:58 Iron Casting
34:36 Chain Mail Armor
35:01 Gold Mining
35:04 Stone Mining
35:18 Heavy Plow
35:29 Bow Saw
36:35 Wheelbarrow
39:45 Imperial Age
38:29 Gold Shaft Mining
38:30 Stone Shaft Mining
38:47 Fletching
40:06 Bodkin Arrow
40:18 Arson
40:33 Squires
39:58 Elite Kamayuk
40:42 Fabric Shields
41:03 Conscription
42:24 Blast Furnace
41:54 Plate Mail Armor
Connection lost

Rejoining the realm…

Still unreachable

The connection could not be restored.

Session expired

The server has moved on; the page needs a fresh start.